Map: Crimson Court LE

Players

Vodar - Winner!

  • Race: Protoss Protoss
  • Spawn Location: 7:00

A.I. 1 (Elite)

  • Race: Terran Terran
  • Spawn Location: 1:00

VOD

Have the link to the VOD?

Description

CIA timing attack pvz pvt

Time

  • Played on: March 4, 2025, 1:18 a.m.
  • Length: 8:39
Show
View Real Time Build Order
Export as new Build Order

Vodar Protoss - Winner!

Build Orders: 1 Gate Expand, Zealot Archon 

Get SALT Encoding   

  12  0:00  Probe  
  13  0:12  Probe  
  14  0:19  Pylon  
  14  0:24  Probe  
  15  0:35  Probe  
  15  0:38  Gateway  
  16  0:43  Probe  
  16  0:47  Assimilator  
  17  0:52  Probe  
  18  1:04  Probe  
  19  1:16  Probe  
  20  1:26  Nexus  
  20  1:36  Cybernetics Core  
  20  1:39  Probe  
  21  1:48  Assimilator  
  21  1:52  Probe  
  21  1:53  Pylon  
  22  2:04  Probe  
  22  2:05  Adept  
  25  2:16  Warp Gate  
  25  2:19  Probe  
  26  2:28  Robotics Facility  
  26  2:31  Probe  
  26  2:32  Stalker  
  29  2:40  Probe  
  29  2:43  Probe  
  31  2:52  Probe  
  31  2:55  Probe  
  33  2:59  Gateway  
  33  3:00  Gateway  
  33  3:04  Probe  
  34  3:10  Observer  
  34  3:11  Pylon  
  34  3:12  Probe  
  36  3:21  Sentry  
  38  3:29  Probe x2  
  40  3:34  Immortal  
  44  3:41  Probe x2  
  46  3:51  Twilight Council  
  46  3:54  Forge  
  46  3:56  Pylon  
  46  3:58  Probe  
  46  3:59  Probe  
  48  4:07  Assimilator  
  48  4:08  Assimilator  
  48  4:10  Probe  
  48  4:11  Probe, Zealot  
  48  4:13  Zealot  
  54  4:23  Probe x2  
  56  4:27  Charge  
  56  4:28  Protoss Ground Weapons Level 1  
  56  4:31  Immortal  
  56  4:40  Probe x2  
  62  4:56  Pylon  
  62  5:05  Gateway  
  62  5:06  Gateway  
  62  5:11  Gateway x2  
  62  5:14  Probe x2  
  62  5:17  Gateway  
  62  5:18  Gateway  
  64  5:23  Templar Archives  
  64  5:34  Warp Prism  
  66  5:43  Pylon  
  66  5:45  Pylon  
  66  5:47  Pylon  
  66  5:53  Zealot x2  
  70  5:57  Pylon  
  70  5:59  Pylon  
  70  6:12  Zealot x5  
  80  6:45  High Templar x7  
  94  6:48  High Templar  
  94  6:50  Archon x3  
  94  6:52  Archon  
  96  7:12  Pylon  
  96  7:13  Pylon  
  96  7:16  Zealot x6  
  96  7:17  Zealot  
  110  7:28  Nexus  
  110  7:31  Pylon  
  110  7:33  Pylon  
  98  7:37  Zealot x8  
  114  7:52  Probe x2  
  114  8:04  Probe  
  114  8:05  Probe  
  112  8:15  Zealot x5  
  112  8:16  Probe, Zealot x3  
  112  8:17  Probe  
Show
View Real Time Build Order
Export as new Build Order

A.I. 1 (Elite) Terran 

Build Orders:  

Get SALT Encoding   

  12  0:00  SCV  
  13  0:13  SCV  
  14  0:18  Supply Depot  
  14  0:25  SCV  
  15  0:28  Refinery  
  15  0:40  SCV  
  16  0:47  Barracks  
  16  0:52  SCV  
  17  1:04  SCV  
  18  1:16  SCV  
  19  1:34  Marine, Factory  
  19  1:35  Supply Depot  
  19  1:36  Orbital Command  
  20  1:50  Barracks  
  20  1:52  Marine  
  21  2:02  SCV  
  21  2:05  Refinery  
  22  2:09  Marine  
  22  2:14  SCV  
  24  2:20  Supply Depot  
  24  2:21  Factory Tech Lab  
  24  2:26  SCV  
  24  2:28  Marine  
  26  2:37  Marine  
  26  2:40  Siege Tank  
  30  2:44  SCV  
  30  2:46  Marine  
  32  2:55  Marine  
  32  2:57  Supply Depot  
  33  2:58  SCV  
  33  3:03  Marine  
  34  3:10  SCV  
  35  3:13  Marine  
  35  3:15  Siege Tank  
  39  3:22  Marine, SCV  
  41  3:30  Marine  
  41  3:31  Supply Depot  
  42  3:35  SCV  
  43  3:48  SCV  
  44  3:59  Command Center  
  44  4:00  SCV  
  44  4:01  Barracks Tech Lab  
  45  4:03  Barracks Tech Lab  
  45  4:12  SCV  
  45  4:13  Supply Depot  
  46  4:19  Marine  
  46  4:22  Marauder  
  50  4:24  SCV  
  50  4:32  Stimpack  
  50  4:37  Marauder  
  52  4:40  Combat Shield  
  52  4:43  Marauder  
  54  4:53  Engineering Bay  
  54  4:58  Marauder  
  56  5:05  Marauder  
  56  5:07  Supply Depot  
  58  5:13  SCV  
  59  5:16  SCV  
  59  5:19  Terran Infantry Weapons Level 1  
  59  5:20  Marauder  
  62  5:25  SCV  
  62  5:26  Marauder  
  62  5:28  SCV  
  66  5:37  SCV  
  66  5:40  SCV  
  66  5:41  Marauder  
  70  5:49  SCV  
  71  5:52  SCV  
  71  5:56  Engineering Bay  
  72  5:58  Marine, Barracks  
  72  5:59  Concussive Shells  
  72  6:01  SCV  
  72  6:02  Marine  
  75  6:04  SCV  
  75  6:10  Command Center  
  76  6:17  SCV  
  77  6:21  Terran Infantry Armor Level 1  
  77  6:23  Supply Depot, SCV  
  78  6:28  Marauder  
  78  6:29  SCV  
  83  6:33  Marauder  
  83  6:35  SCV  
  84  6:41  SCV  
  84  6:45  Siege Tank  
  84  6:46  Barracks Reactor  
  88  6:49  Supply Depot, Orbital Command  
  88  6:57  Missile Turret  
  88  6:59  Missile Turret  
  88  7:07  Barracks  
  88  7:11  Starport  
  88  7:12  Marine  
  89  7:17  Supply Depot, Marine, Siege Tank  
  89  7:22  SCV  
  94  7:24  SCV  
  94  7:26  SCV  
  88  7:30  Marauder  
  88  7:32  Marine  
  88  7:34  Marine, SCV  
  88  7:36  Marine, SCV  
  61  7:44  SCV  
  58  7:46  SCV  
  58  7:48  Medivac  
  58  7:50  Marine  
  56  7:52  Marauder  
  56  7:53  Marine  
  35  8:19  Starport Reactor  
Tags
 
Add a new tag
Caveats
  • Supply blocks, unpowered buildings, or Contaminate may cause inaccurate times.
  • Supply counts are checked every 10 seconds.